 Dungeon Crawl Stone Soup version 0.24.0-2-g5b39cebb1c (webtiles) character file.

Game seed: 832878488102033225, levelgen mode: deterministic

421 Arixos the Ducker (level 6, -5/32 HPs)
             Began as a Vampire Warper on Oct 31, 2019.
             Slain by Duvessa
             ... wielding a +0 short sword
              (7 damage)
             ... on level 1 of the Dungeon.
             The game lasted 00:17:10 (4352 turns).

Arixos the Ducker (Vampire Warper)                  Turns: 4352, Time: 00:17:10

Health: -5/32      AC:  0    Str:  6 (12) XL:     6   Next: 62%
Magic:  8/10       EV: 21    Int:  9 (15) God:
Gold:   223        SH:  0    Dex: 13 (19) Spells: 5/11 levels left

rFire    . . .     SeeInvis +   (weapon currently unavailable)
rCold    + + .     Gourm    .   (shield currently unavailable)
rNeg     + + +     Faith    .   (armour currently unavailable)
rPois    ∞         Spirit   .   (helmet currently unavailable)
rElec    .         Reflect  .   (cloak currently unavailable)
rCorr    .         Harm     .   (gloves currently unavailable)
MR       .....                  (boots currently unavailable)
Stlth    +++.......             (no amulet)
HPRegen  0.00/turn              (ring currently unavailable)
MPRegen  0.12/turn              (ring currently unavailable)

@: bat-form, flying, bloodless, regenerating quickly, very quick
A: tiny, no food, fangs 3, see invisible, [frail 1]
a: Revivify, End Transformation


You were on level 1 of the Dungeon.
You were bloodless.
You were in vampire-bat-form.
You visited 1 branch of the dungeon, and saw 4 of its levels.

You collected 223 gold pieces.

Inventory:

Hand Weapons
 a - a +0 falchion (melded)
Missiles
 b - 3 poisoned darts
 e - 5 boomerangs of dispersal (quivered)
Armour
 g - a +0 scale mail (melded)
 k - a +2 buckler of protection (melded)
Scrolls
 c - 7 scrolls of identify {unknown}
 d - 2 scrolls of blinking
 h - a scroll of remove curse {unknown}
 i - a scroll of teleportation {unknown}
 j - a scroll of fog {unknown}
 l - a scroll of enchant weapon {unknown}
Potions
 f - 2 potions of flight {unknown}


   Skills:
 + Level 3.0 Fighting
 + Level 3.4 Long Blades
 - Level 0.7 Throwing
 + Level 2.2 Armour
 + Level 3.8 Dodging
 + Level 3.1 Spellcasting
 + Level 3.3 Translocations


You had 5 spell levels left.
You knew the following spells:

 Your Spells              Type           Power        Failure   Level  Hunger
e - Blink                 Tloc           N/A          12%         2    N/A
E - Passage of Golubria   Tloc           N/A          58%         4    N/A

Your spell library contained the following spells:

 Spells                   Type           Power        Failure   Level  Hunger
 Shroud of Golubria       Chrm/Tloc      #.....       22%         2    N/A
 Gell's Gravitas          Tloc           #.........   22%         3    N/A
 Lesser Beckoning         Tloc           #.........   22%         3    N/A
 Teleport Other           Tloc           #.......     22%         3    N/A

Dungeon Overview and Level Annotations

Branches:
Dungeon (4/15)
 Temple: D:4-7

Altars:
Cheibriados

Annotations:
D:1 Dowan, Duvessa


Innate Abilities, Weirdness & Mutations

You do not eat.
You do not regenerate when monsters are visible.
You are frail without blood (-20% HP).
You can heal yourself when you bite living creatures.
You are immune to poison.
You have razor-sharp teeth.
You have supernaturally acute eyesight. (SInv)
((You can survive without breathing.))
[You are frail. (-10% HP)]


Message History

Duvessa is almost dead.
Duvessa hits you but does no damage.
You barely miss Duvessa.
Duvessa is almost dead.
Dowan casts a spell at Duvessa.
Duvessa seems to speed up.
Duvessa hits you but does no damage.
You hit Duvessa but do no damage.
Duvessa is almost dead.
Duvessa hits you with a +0 short sword!
* * * LOW HITPOINT WARNING * * *
Duvessa hits you with a +0 short sword.
* * * LOW HITPOINT WARNING * * *
You turn into a vampire bat.
Your +0 falchion melds into your body.
Your +2 buckler of protection melds into your body.
Your +0 scale mail melds into your body.
You feel less protected.
You feel weakened.
You feel dopey.
You feel clumsy.
Dowan whispers, "It won't be long now."
Duvessa hits you with a +0 short sword!
You die...

.^.# #......##..#..#..#...#.#
...###....#.##....###...#.#.#
..........#..#...## #####.#.#
......(...##.#.### #.#.#
..........##.#.# #.#.#
)..###....##...# #.#.# ...#
#..(.#....# #.#.# ...#
#....#....####### #.#.# ####
######...eeb....# #.#.#
#...######.# #.#.# ########
##......(...# #.#.# †......#
#...........# #.#.# ...###.#
#...#.......# #.#.# .#.# #.#
#.#.#.......# #.#.# ...# #.#
#.#.###.....# #.#.# .### #.#
###[# ####### #.#.# .#
#.#####.# #.#.#


You could see Duvessa and Dowan.

Vanquished Creatures
  Grinder (D:3)
  Terence (D:2)
  A worker ant (D:4)
  Robin (D:2)
  3 gnolls
  5 adders
  An ooze (D:2)
  2 worms (D:3)
  2 dart slugs (D:1)
  3 leopard geckos
  An orc (D:4)
  2 ball pythons
  7 giant cockroaches
  9 goblins
  7 hobgoblins
  5 jackals
  6 kobolds
  8 bats
  11 frilled lizards
  A jackal skeleton (D:4)
  4 rats
81 creatures vanquished.

Notes
Turn   | Place    | Note
-------+----------+-------------------------------------------
     0 | D:1      | Arixos the Vampire Warper began the quest for the Orb.
     0 | D:1      | Reached XP level 1. HP: 16/16 MP: 3/3
    59 | D:1      | Reached skill level 1 in Armour
   112 | D:1      | Reached XP level 2. HP: 22/22 MP: 5/5
   124 | D:1      | Learned a level 2 spell: Blink
   420 | D:1      | Reached XP level 3. HP: 27/27 MP: 6/6
   915 | D:2      | Noticed Terence
   944 | D:2      | Killed Terence
   944 | D:2      | Reached XP level 4. HP: 18/33 MP: 7/7
  1073 | D:2      | Noticed Robin
  1080 | D:2      | Killed Robin
  1415 | D:3      | Reached XP level 5. HP: 35/39 MP: 8/8
  1724 | D:3      | Noticed Grinder
  1759 | D:3      | Paralysed by Grinder for 2 turns
  1784 | D:3      | Killed Grinder
  1784 | D:3      | Reached XP level 6. HP: 7/36 MP: 10/10
  2186 | D:3      | Found a snail-covered altar of Cheibriados.
  3089 | D:4      | Learned a level 4 spell: Passage of Golubria
  3157 | D:4      | Noticed Duvessa
  3157 | D:4      | Noticed Dowan
  4352 | D:1      | Slain by Duvessa

Levels and vault maps discovered:
D:1:      minmay_arrival_hallway, layout_basic, minmay_strange_pillars,
          minmay_lizard_pond
D:2:      layout_basic, first_ration, uniq_terence, uniq_robin
D:3:      layout_rooms, cheibriados_altar_1, uniq_grinder
D:4:      layout_basic, uniq_natasha, uniq_duvessa, uniq_eustachio, uniq_pikel

Skill      XL: |  1  2  3  4  5  6 |
---------------+-------------------+-----
Armour         | 1 2 |  2.2
Fighting       | 2 3 |  3.0
Dodging        | 3 |  3.8
Long Blades    | 3 |  3.4
Spellcasting   | 3 |  3.1
Translocations | 3 |  3.3
Throwing       | |  0.7

Action                   |  1- 3 |  4- 6 || total
-------------------------+-------+-------++-------
Melee: Falchion          |   164 |   257 ||   421
       Bite              |    16 |    33 ||    49
 Abil: Exsanguinate      |       |     2 ||     2
       Bat Form          |       |     3 ||     3
       End Transformatio |       |     2 ||     2
       Revivify          |       |     1 ||     1
Armor: Leather armour    |    13 |       ||    13
       Scale mail        |    56 |   124 ||   180
Dodge: Dodged            |   121 |   139 ||   260
Block: Buckler           |       |    33 ||    33
       Rpst.: Falchion   |    43 |    41 ||    84
